 Dungeon Crawl Stone Soup version 0.25-a0-822-g6581751b11 (webtiles) character file.

Game seed: 17379347534186382610, levelgen mode: deterministic

546 tilp the Bolt Thrower (level 7, -6/42 (43) HPs)
             Began as a Kobold Arcane Marksman on Apr 20, 2020.
             Was a Follower of Okawaru.
             Killed by nerve-wracking pain
             ... invoked by Grinder
              (11 damage)
             ... on level 5 of the Dungeon.
             The game lasted 00:15:07 (6989 turns).

tilp the Bolt Thrower (Kobold Arcane Marksman)      Turns: 6989, Time: 00:15:07

HP:   -6/42 (43)    AC:  3    Str:  9    XL:     7   Next: 53%
MP:   10/10         EV: 14    Int: 14    God:    Okawaru [*.....]
Gold: 371           SH:  0    Dex: 16    Spells: 7/10 levels left

rFire    . . .     SeeInvis .   a - +0 hand crossbow
rCold    . . .     Gourm    .   (shield restricted)
rNeg     . . .     Faith    .   r - +0 leather armour
rPois    .         Spirit   .   (no helmet)
rElec    .         Reflect  .   (no cloak)
rCorr    .         Harm     .   (no gloves)
MR       .....                  (no boots)
Stlth    +.........             (no amulet)
HPRegen  0.14/turn              (no ring)
MPRegen  0.12/turn              (no ring)

@: very slightly contaminated
A: small, carnivore
a: Heroism, Renounce Religion


You were on level 5 of the Dungeon.
You worshipped Okawaru.
Okawaru was aware of your devotion.
You were completely stuffed.

You visited 1 branch of the dungeon, and saw 5 of its levels.
You also visited: Ossuary.

You collected 371 gold pieces.

Inventory:

Hand Weapons
 a - a +0 hand crossbow (weapon)
 b - a +1 whip of electrocution
 n - a +0 spear of venom
 v - a +3 dagger
 w - a +0 hand axe
Missiles
 d - 31 bolts (quivered)
 e - 5 boomerangs
Armour
 r - a +0 leather armour (worn)
Magical Staves
 p - an uncursed staff of cold {unknown}
Jewellery
 i - an uncursed ring of fire {unknown}
Wands
 B - a wand of disintegration (10)
Scrolls
 g - a scroll of teleportation
 h - a scroll of immolation
 l - 2 scrolls of remove curse
 m - 3 scrolls of fog {unknown}
 o - 2 scrolls of blinking
 x - a scroll of silence {unknown}
 y - a scroll of enchant armour {unknown}
 A - a scroll of random uselessness {unknown}
Potions
 c - a potion of curing {unknown}
 j - 2 potions of flight
 k - 2 potions of heal wounds
 q - 3 potions of brilliance
 s - a potion of cancellation {unknown}
 t - 2 potions of lignification {unknown}
 u - 2 potions of haste {unknown}
 z - a potion of mutation {unknown}
Comestibles
 f - 7 rations
 C - a chunk of flesh


   Skills:
 - Level 4.0 Fighting
 - Level 6.0 Crossbows
 - Level 2.4 Dodging
 - Level 2.0 Spellcasting
 + Level 3.8 Hexes
 * Level 3.6 Invocations


You had 7 spell levels left.
You knew the following spells:

 Your Spells              Type           Power        Failure   Level  Hunger
a - Corona                Hex            ##.....      7%          1    ##.....
b - Slow                  Hex            ##......     11%         2    ###....

Your spell library contained the following spells:

 Spells                   Type           Power        Failure   Level  Hunger
 Inner Flame              Hex/Fire       #.......     41%         3    ####...
 Portal Projectile        Hex/Tloc       #.....       41%         3    ####...
 Cause Fear               Hex            ##........   56%         4    #####..
 Leda's Liquefaction      Hex/Erth       #.........   83%         4    #####..


Dungeon Overview and Level Annotations

Branches:
Dungeon (5/15)            Ossuary (visited)
 Temple: D:4-7

Altars:
Fedhas
Hepliaklqana
Makhleb
Nemelex Xobeh
Okawaru
Vehumet
Xom
Zin

Shops:
D:4 :

Annotations:
D:4 Edmund
D:5 Grinder


Innate Abilities, Weirdness & Mutations

You are small and have problems with some larger weapons.
You are carnivorous and can eat meat at any time.


Message History

Aim: Grinder (moderately wounded, chance to defeat MR: 65%) Grinder is blasted!
Grinder hits you!
* * * LOW HITPOINT WARNING * * *
You writhe in agony.
* * * LOW HITPOINT WARNING * * *
The necrophage barely misses you.
Unknown command.
Blink to where?
Press: ? - help, Dir - move target cursor, p - Grinder You are very lightly contaminated with residual magic.
As you read the scroll of blinking, it crumbles to dust.
Grinder gestures at you.
You suddenly lose the ability to move!
Grinder blinks!
You can move again.
Unknown command.
Unknown command.
Grinder gestures at you. Pain shoots through your body!
You die...

#####......# ...##......# .....#
...##......# ###.....#
....#......# #.......#
....#......# #.#....)#
###.#......#######.#.....##### .
....+..............>..)......# ..
###.#.....)#######.....?.....##(#
###.............@.5n..........(..
...............####...§..........
##############.## #....$...÷(....
# #..# #.#............ #
##.###.#..##.§...... #
#..##.#..#......... #
##.##.####......... #
#.##............$. #
#..#.#####........


You could see Grinder and a necrophage.

Vanquished Creatures
  2 scorpions (D:4)
  A hound (D:4)
  2 orc wizards (D:4)
  Jessica (D:2)
  2 iguanas (D:4)
  Terence (D:2)
  A worker ant (D:4)
  8 mummies (Ossuary)
  5 adders
  An ooze (D:4)
  2 worms (D:3)
  2 dart slugs
  17 orcs
  3 giant cockroaches
  3 gnoll zombies (Ossuary)
  4 goblins
  5 hobgoblins
  2 jackals (D:2)
  2 quokkas
  A ball python (D:3)
  6 bats
  3 frilled lizards
  A hobgoblin zombie (Ossuary)
  A kobold (D:1)
  3 kobold zombies (Ossuary)
  An orc zombie (Ossuary)
  7 rats
87 creatures vanquished.

Notes
Turn   | Place    | Note
-------+----------+-------------------------------------------
     0 | D:1      | tilp the Kobold Arcane Marksman began the quest for the
                  | Orb.
     0 | D:1      | Reached XP level 1. HP: 12/12 MP: 2/2
   147 | D:1      | Reached skill level 3 in Crossbows
   363 | D:1      | Reached XP level 2. HP: 6/16 MP: 3/3
   561 | D:1      | Learned a level 2 spell: Slow
   959 | D:2      | Reached skill level 4 in Crossbows
   959 | D:2      | Reached XP level 3. HP: 17/20 MP: 4/4
  1069 | D:2      | Noticed Terence
  1380 | D:2      | Noticed Jessica
  1670 | D:2      | Found a blossoming altar of Fedhas.
  1739 | D:2      | Killed Jessica
  1739 | D:2      | Reached skill level 5 in Crossbows
  1739 | D:2      | Reached XP level 4. HP: 18/25 MP: 5/5
  1868 | D:2      | Found a sparkling altar of Nemelex Xobeh.
  1868 | D:2      | Found a glowing silver altar of Zin.
  1882 | D:2      | Found a radiant altar of Vehumet.
  1886 | D:2      | Found an iron altar of Okawaru.
  1888 | D:2      | Found a shimmering altar of Xom.
  1892 | D:2      | Became a worshipper of Warmaster Okawaru
  2255 | D:2      | Found a faded altar of an unknown god.
  2337 | D:2      | Killed Terence
  2337 | D:2      | Reached skill level 6 in Crossbows
  2337 | D:2      | Reached XP level 5. HP: 29/29 MP: 4/6
  2449 | D:3      | Found a hazy altar of Hepliaklqana.
  3790 | D:4      | Found Catyguar's Book Emporium.
  3811 | D:4      | Found a sand-covered staircase.
  3818 | D:4      | Reached XP level 6. HP: 37/37 MP: 7/7
  3845 | Ossuary  | Entered an ossuary
  4086 | Ossuary  | Reached skill level 1 in Invocations
  4243 | Ossuary  | Reached * piety under Okawaru
  4805 | D:4      | Noticed Edmund
  4956 | D:4      | Reached XP level 7. HP: 43/43 MP: 9/9
  5067 | D:4      | Found a burning altar of Makhleb.
  6846 | D:5      | Entered Level 5 of the Dungeon
  6962 | D:5      | Noticed Grinder
  6965 | D:5      | Paralysed by Grinder for 6 turns
  6975 | D:5      | Paralysed by Grinder for 4 turns
  6982 | D:5      | Paralysed by Grinder for 6 turns
  6989 | D:5      | Killed from afar by Grinder

Levels and vault maps discovered:
D:1:      nzn_arrival_depleted_hourglass, layout_rooms
D:2:      layout_basic, lemuel_coloured_pillars_altar,
          chequers_temple_overflow_minitemple, first_ration,
          chequers_ecumenical_altar_island, minmay_distorted, uniq_terence,
          uniq_jessica
D:3:      layout_loops_cross, overflow_temple_1_default, dk_noncrumbling_2
D:4:      layout_layer_cave, kennysheep_mini_moat, enter_ossuary_1,
          serial_shops, shop, serial_glass, glass_columns_b, glass_columns_a,
          uniq_edmund
D:5:      layout_basic, minmay_temple_entry_nine_rooms, basic_altar,
          ebering_dispersal_statue_hall, uniq_grinder

Skill      XL: |  1  2  3  4  5  6  7 |
---------------+----------------------+-----
Crossbows      | 3 4 5 6 |  6.0
Fighting       | 3 4 |  4.0
Invocations    | 2 3 |  3.6
Spellcasting   | 2 |  2.0
Dodging        | |  2.4
Hexes          | |  3.8

Action                   |  1- 3 |  4- 6 |  7- 9 || total
-------------------------+-------+-------+-------++-------
Melee: Club              |    26 |       |       ||    26
       Dagger            |    26 |    78 |       ||   104
       Whip              |       |       |    60 ||    60
 Fire: Hand crossbow     |    24 |   133 |    31 ||   188
Throw: Boomerang         |       |     6 |       ||     6
 Cast: Corona            |     3 |     6 |     5 ||    14
       Slow              |     2 |     3 |     1 ||     6
Evoke: Wand              |       |       |     2 ||     2
  Use: Scroll            |     1 |    11 |     2 ||    14
       Potion            |       |     2 |       ||     2
 Stab: Sleeping          |     3 |     2 |       ||     5
  Eat: Chunk             |    10 |    12 |     6 ||    28
Armor: Robe              |    15 |     4 |       ||    19
       Leather armour    |       |     6 |    19 ||    25
Dodge: Dodged            |    69 |    67 |    49 ||   185

Table legend:
 A = Non-vault XP
 B = Vault XP
 C = Vault XP percentage of total XP
 D = Non-vault monster count
 E = Vault monster count
 F = Vault count percentage of total count
                 A         B        C        D         E       F
            +---------+---------+-------+---------+---------+-------
      Total |     547 |     234 |  30.0 |      67 |      20 |  23.0
            +---------+---------+-------+---------+---------+-------
        D:1 |      16 |       0 |   0.0 |      11 |       0 |   0.0
        D:2 |      74 |      76 |  50.7 |      16 |       4 |  20.0
        D:3 |      59 |       0 |   0.0 |      19 |       0 |   0.0
        D:4 |     394 |       0 |   0.0 |      19 |       0 |   0.0
        D:5 |       4 |       0 |   0.0 |       2 |       0 |   0.0
    Ossuary |       0 |     158 | 100.0 |       0 |      16 | 100.0
            +---------+---------+-------+---------+---------+-------
